[ AOE2 MATCH · #478584129 ]
UnrankedKoreans vs Armenians
[ REPLAY ANALYSIS · EXTRACTED FROM THE RECORDED GAME ]
Feudal
11:21
Castle
15:24
Imperial
—
| APM avg | 48.9 |
| APM peak | 75 |
| eAPM avg | 21.2 |
| Villagers / military | 100 / 20 |
Focus
⚔️ 29.1% · 🌾 70.9%
War Wagon ×20
Feudal
10:43
Castle
14:46
Imperial
—
| APM avg | 47.3 |
| APM peak | 88 |
| eAPM avg | 19.9 |
| Villagers / military | 41 / 9 |
Focus
⚔️ 37.1% · 🌾 62.9%
Spearman ×3 · Monk ×2 · Knight ×2 · Mangonel ×2
Feudal
8:51
Castle
21:34
Imperial
—
| APM avg | 58.3 |
| APM peak | 93 |
| eAPM avg | 22.4 |
| Villagers / military | 46 / 42 |
Focus
⚔️ 38.5% · 🌾 61.5%
Archer ×23 · Skirmisher ×18 · Spearman ×1
Feudal
8:55
Castle
22:13
Imperial
—
| APM avg | 52.5 |
| APM peak | 91 |
| eAPM avg | 20.0 |
| Villagers / military | 41 / 19 |
Focus
⚔️ 30.9% · 🌾 69.1%
Scout Cavalry ×19
Feudal
13:30
Castle
17:04
Imperial
—
| APM avg | 20.5 |
| APM peak | 57 |
| eAPM avg | 12.5 |
| Villagers / military | 60 / 8 |
Focus
⚔️ 17.4% · 🌾 82.6%
Knight ×8
Feudal
12:16
Castle
14:42
Imperial
21:15
| APM avg | 40.4 |
| APM peak | 93 |
| eAPM avg | 16.8 |
| Villagers / military | 64 / 9 |
Focus
⚔️ 20.5% · 🌾 79.5%
Monk ×5 · Karambit Warrior ×2 · Trebuchet (Packed) ×2
Feudal
11:14
Castle
19:17
Imperial
—
| APM avg | 43.2 |
| APM peak | 115 |
| eAPM avg | 30.9 |
| Villagers / military | 60 / 0 |
Focus
⚔️ 40.4% · 🌾 59.6%
Feudal
12:36
Castle
16:16
Imperial
—
| APM avg | 36.4 |
| APM peak | 91 |
| eAPM avg | 17.7 |
| Villagers / military | 57 / 12 |
Focus
⚔️ 43.5% · 🌾 56.5%
Ratha (Ranged) ×12
Match map
Initial resources + every placement click. Lines = walls · curves = elevation contours. ◆ gold · ⬟ stone · ● berries · ✦ relic · ◌ wall gap
Your base· ✓ Closed at 15:24 · 14t walls · 1 gate(s)
GAX | Mr.P's base· ✓ Closed at 14:46 · 0t walls · no gate
theMole's base· Open — opponent sealed themselves in
Tusky's base· Open — opponent sealed themselves in
GAX |_TempesT_'s base· ✓ Closed at 17:04 · 3t walls · no gate
robo_boro's base· Open — opponent sealed themselves in
GAX | Gian's base· ✓ Closed at 19:17 · 116t walls · 10 gate(s)
YoungPanda's base· Open — opponent sealed themselves in
Smoothed initial terrain · ◌ = detected wall gap · hover for details
Inputs per minute
— GAX | Kareca - - GAX | Mr.P
Build order — GAX | Kareca
First 150 of 169 actions detected
| 0:01 | Create | Villager (Male) |
| 0:01 | Create | Villager (Male) |
| 0:02 | Build | House |
| 0:04 | Build | House |
| 0:04 | Create | Villager (Male) |
| 0:07 | Create | Villager (Male) |
| 0:07 | Create | Villager (Male) |
| 1:25 | Create | Villager (Male) |
| 1:25 | Create | Villager (Male) |
| 1:25 | Create | Villager (Male) |
| 1:25 | Create | Villager (Male) |
| 1:25 | Create | Villager (Male) |
| 1:46 | Build | Lumber Camp |
| 2:02 | Create | Villager (Male) |
| 2:02 | Create | Villager (Male) |
| 2:02 | Create | Villager (Male) |
| 2:02 | Create | Villager (Male) |
| 2:04 | Create | Villager (Male) |
| 2:04 | Create | Villager (Male) |
| 2:04 | Create | Villager (Male) |
| 2:04 | Create | Villager (Male) |
| 2:04 | Create | Villager (Male) |
| 2:04 | Create | Villager (Male) |
| 2:04 | Create | Villager (Male) |
| 2:46 | Create | Villager (Male) |
| 2:46 | Create | Villager (Male) |
| 2:46 | Create | Villager (Male) |
| 3:06 | Create | Villager (Male) |
| 3:06 | Create | Villager (Male) |
| 3:06 | Create | Villager (Male) |
| 3:06 | Create | Villager (Male) |
| 3:06 | Create | Villager (Male) |
| 3:06 | Create | Villager (Male) |
| 3:41 | Create | Villager (Male) |
| 3:41 | Create | Villager (Male) |
| 3:41 | Create | Villager (Male) |
| 3:41 | Create | Villager (Male) |
| 3:41 | Create | Villager (Male) |
| 3:41 | Create | Villager (Male) |
| 3:57 | Build | House |
| 4:22 | Create | Villager (Male) |
| 4:22 | Create | Villager (Male) |
| 4:22 | Create | Villager (Male) |
| 4:22 | Create | Villager (Male) |
| 4:22 | Create | Villager (Male) |
| 4:22 | Create | Villager (Male) |
| 4:22 | Create | Villager (Male) |
| 4:46 | Create | Villager (Male) |
| 4:46 | Create | Villager (Male) |
| 4:46 | Create | Villager (Male) |
| 4:46 | Create | Villager (Male) |
| 4:46 | Create | Villager (Male) |
| 4:46 | Create | Villager (Male) |
| 4:46 | Create | Villager (Male) |
| 5:02 | Create | Villager (Male) |
| 5:02 | Create | Villager (Male) |
| 5:02 | Create | Villager (Male) |
| 5:02 | Create | Villager (Male) |
| 5:07 | Build | House |
| 5:28 | Create | Villager (Male) |
| 5:28 | Create | Villager (Male) |
| 5:28 | Create | Villager (Male) |
| 5:28 | Create | Villager (Male) |
| 5:28 | Create | Villager (Male) |
| 5:32 | Create | Villager (Male) |
| 5:32 | Create | Villager (Male) |
| 5:32 | Create | Villager (Male) |
| 5:48 | Create | Villager (Male) |
| 5:48 | Create | Villager (Male) |
| 5:48 | Create | Villager (Male) |
| 5:48 | Create | Villager (Male) |
| 5:56 | Build | Mill |
| 6:20 | Create | Villager (Male) |
| 6:20 | Create | Villager (Male) |
| 6:46 | Create | Villager (Male) |
| 7:28 | Build | House |
| 8:19 | Create | Villager (Male) |
| 8:19 | Create | Villager (Male) |
| 8:32 | Build | Lumber Camp |
| 9:01 | Research | Feudal Age |
| 9:15 | Build | Mining Camp |
| 9:26 | Build | Palisade Wall |
| 9:34 | Create | Villager (Male) |
| 9:34 | Create | Villager (Male) |
| 9:37 | Build | Mining Camp |
| 9:44 | Create | Villager (Male) |
| 10:25 | Build | Farm |
| 10:43 | Build | House |
| 10:51 | Build | Farm |
| 10:59 | Create | Villager (Male) |
| 11:21 | Age | Feudal Age |
| 11:35 | Build | Blacksmith |
| 11:40 | Build | Market |
| 12:44 | Research | Castle Age |
| 12:44 | Research | Castle Age |
| 12:46 | Build | Mining Camp |
| 12:56 | Research | Double-Bit Axe |
| 12:56 | Research | Double-Bit Axe |
| 13:00 | Build | Farm |
| 13:25 | Build | Palisade Wall |
| 13:59 | Build | Palisade Wall |
| 14:05 | Build | Palisade Wall |
| 14:11 | Research | Gold Mining |
| 14:45 | Research | Fletching |
| 14:45 | Research | Fletching |
| 15:13 | Build | Palisade Gate |
| 15:17 | Create | Villager (Male) |
| 15:24 | Age | Castle Age |
| 15:27 | Build | Castle |
| 15:34 | Build | House |
| 15:38 | Build | Palisade Gate |
| 15:43 | Build | Palisade Gate |
| 15:54 | Create | Villager (Male) |
| 15:59 | Create | Villager (Male) |
| 16:37 | Create | Villager (Male) |
| 16:40 | Build | Farm |
| 16:41 | Build | Farm |
| 16:42 | Build | Farm |
| 16:57 | Create | War Wagon |
| 16:57 | Create | War Wagon |
| 16:57 | Create | War Wagon |
| 16:57 | Create | War Wagon |
| 17:03 | Build | Farm |
| 17:04 | Build | Farm |
| 17:09 | Research | Loom |
| 17:09 | Research | Loom |
| 17:34 | Build | Farm |
| 17:45 | Create | Villager (Male) |
| 17:45 | Create | Villager (Male) |
| 18:03 | Create | War Wagon |
| 18:03 | Create | War Wagon |
| 18:38 | Create | Villager (Male) |
| 18:40 | Create | War Wagon |
| 18:40 | Create | War Wagon |
| 18:47 | Create | Villager (Male) |
| 18:57 | Create | Villager (Male) |
| 19:02 | Create | War Wagon |
| 19:02 | Create | War Wagon |
| 19:02 | Create | War Wagon |
| 19:30 | Create | War Wagon |
| 19:30 | Create | War Wagon |
| 19:30 | Create | Villager (Male) |
| 19:58 | Create | Villager (Male) |
| 19:58 | Create | Villager (Male) |
| 20:17 | Create | War Wagon |
| 20:17 | Create | War Wagon |
| 20:18 | Create | Villager (Male) |
| 20:40 | Create | Villager (Male) |
| 20:40 | Create | Villager (Male) |
| 20:56 | Create | War Wagon |
Build order — GAX | Mr.P
88 actions detected in the replay
| 0:01 | Create | Villager (Male) |
| 0:02 | Build | House |
| 0:03 | Build | House |
| 0:04 | Create | Villager (Male) |
| 0:05 | Create | Villager (Male) |
| 0:07 | Create | Villager (Male) |
| 1:15 | Create | Villager (Male) |
| 1:42 | Create | Villager (Male) |
| 2:08 | Build | Lumber Camp |
| 2:27 | Create | Villager (Male) |
| 2:30 | Create | Villager (Male) |
| 2:43 | Create | Villager (Male) |
| 3:14 | Create | Villager (Male) |
| 3:40 | Create | Villager (Male) |
| 3:52 | Create | Villager (Male) |
| 3:55 | Build | House |
| 4:25 | Create | Villager (Male) |
| 4:28 | Build | Mill |
| 5:16 | Create | Villager (Male) |
| 5:44 | Create | Villager (Male) |
| 5:56 | Build | House |
| 5:56 | Create | Villager (Male) |
| 6:00 | Create | Villager (Male) |
| 7:16 | Create | Villager (Male) |
| 7:34 | Create | Villager (Male) |
| 7:40 | Build | Mill |
| 8:08 | Create | Villager (Male) |
| 8:11 | Build | House |
| 8:33 | Research | Feudal Age |
| 8:37 | Build | Mining Camp |
| 9:55 | Create | Villager (Male) |
| 9:56 | Research | Loom |
| 10:43 | Age | Feudal Age |
| 10:46 | Build | Market |
| 11:20 | Create | Villager (Male) |
| 11:34 | Build | Blacksmith |
| 12:06 | Research | Castle Age |
| 12:07 | Research | Castle Age |
| 12:07 | Research | Castle Age |
| 13:00 | Create | Villager (Male) |
| 13:08 | Build | Watch Tower |
| 13:09 | Create | Villager (Male) |
| 13:18 | Create | Villager (Male) |
| 13:55 | Build | Barracks |
| 14:30 | Create | Spearman |
| 14:36 | Build | Stable |
| 14:40 | Create | Villager (Male) |
| 14:46 | Age | Castle Age |
| 14:49 | Research | Double-Bit Axe |
| 15:01 | Create | Spearman |
| 15:03 | Create | Villager (Male) |
| 15:08 | Create | Knight |
| 15:20 | Build | Monastery |
| 15:23 | Create | Knight |
| 15:52 | Create | Monk |
| 15:54 | Build | House |
| 16:17 | Build | House |
| 16:32 | Build | Siege Workshop |
| 17:00 | Create | Mangonel |
| 17:08 | Build | House |
| 17:49 | Create | Villager (Male) |
| 17:49 | Create | Villager (Male) |
| 17:50 | Build | Farm |
| 18:22 | Build | House |
| 18:53 | Create | Villager (Male) |
| 18:58 | Create | Villager (Male) |
| 18:59 | Create | Villager (Male) |
| 19:17 | Create | Mangonel |
| 19:34 | Build | Farm |
| 19:35 | Build | Farm |
| 19:35 | Build | Farm |
| 19:55 | Create | Monk |
| 20:07 | Build | Farm |
| 20:30 | Create | Spearman |
| 20:53 | Create | Villager (Male) |
| 21:04 | Build | Farm |
| 21:22 | Build | Lumber Camp |
| 21:24 | Create | Villager (Male) |
| 21:47 | Create | Villager (Male) |
| 21:47 | Create | Villager (Male) |
| 21:48 | Create | Villager (Male) |
| 21:54 | Build | Farm |
| 22:08 | Create | Villager (Male) |
| 22:36 | Build | Farm |
| 22:42 | Build | Town Center |
| 22:45 | Create | Villager (Male) |
| 22:56 | Create | Villager (Male) |
| 23:24 | Create | Villager (Male) |
Build order — theMole
First 150 of 158 actions detected
| 0:01 | Create | Villager (Male) |
| 0:01 | Create | Villager (Male) |
| 0:02 | Create | Villager (Male) |
| 0:02 | Build | House |
| 0:04 | Build | House |
| 0:05 | Create | Villager (Male) |
| 1:28 | Create | Villager (Male) |
| 1:48 | Build | Mule Cart |
| 2:02 | Create | Villager (Male) |
| 2:02 | Create | Villager (Male) |
| 2:02 | Create | Villager (Male) |
| 2:42 | Create | Villager (Male) |
| 2:42 | Create | Villager (Male) |
| 3:14 | Create | Villager (Male) |
| 3:17 | Create | Villager (Male) |
| 3:52 | Build | House |
| 4:07 | Create | Villager (Male) |
| 4:08 | Create | Villager (Male) |
| 4:40 | Build | Barracks |
| 4:52 | Build | House |
| 4:56 | Create | Villager (Male) |
| 5:14 | Create | Villager (Male) |
| 5:15 | Create | Villager (Male) |
| 5:15 | Research | Loom |
| 6:36 | Research | Feudal Age |
| 7:05 | Build | Mule Cart |
| 7:41 | Create | Villager (Male) |
| 8:51 | Age | Feudal Age |
| 8:53 | Build | Archery Range |
| 8:56 | Build | Archery Range |
| 8:57 | Build | Palisade Wall |
| 8:58 | Build | Palisade Wall |
| 8:59 | Build | Palisade Wall |
| 9:04 | Create | Villager (Male) |
| 9:17 | Build | House |
| 9:19 | Create | Spearman |
| 9:37 | Create | Villager (Male) |
| 9:50 | Create | Archer |
| 9:51 | Create | Villager (Male) |
| 9:59 | Build | Blacksmith |
| 10:01 | Create | Archer |
| 10:07 | Research | Double-Bit Axe |
| 10:27 | Build | House |
| 10:33 | Create | Villager (Male) |
| 10:33 | Create | Archer |
| 10:44 | Build | Palisade Wall |
| 10:45 | Build | Palisade Wall |
| 10:46 | Build | Palisade Wall |
| 10:57 | Create | Villager (Male) |
| 11:14 | Build | Mule Cart |
| 11:43 | Research | Fletching |
| 11:43 | Research | Fletching |
| 11:44 | Create | Archer |
| 11:44 | Create | Archer |
| 11:57 | Build | Mill |
| 12:02 | Create | Archer |
| 12:11 | Create | Archer |
| 12:14 | Create | Villager (Male) |
| 12:14 | Create | Villager (Male) |
| 12:41 | Create | Archer |
| 12:44 | Create | Villager (Male) |
| 12:49 | Build | Farm |
| 12:50 | Build | Farm |
| 12:52 | Build | Farm |
| 13:05 | Create | Archer |
| 13:19 | Create | Villager (Male) |
| 13:20 | Create | Archer |
| 13:24 | Build | House |
| 13:25 | Build | House |
| 13:36 | Create | Archer |
| 13:43 | Create | Villager (Male) |
| 13:45 | Build | Farm |
| 13:57 | Research | Town Watch |
| 13:59 | Create | Archer |
| 14:10 | Create | Archer |
| 14:10 | Create | Villager (Male) |
| 14:14 | Build | House |
| 14:14 | Build | House |
| 14:23 | Create | Villager (Male) |
| 14:49 | Create | Villager (Male) |
| 14:51 | Build | Farm |
| 14:52 | Build | Farm |
| 14:55 | Build | Farm |
| 14:58 | Create | Archer |
| 14:59 | Create | Archer |
| 15:01 | Create | Villager (Male) |
| 15:14 | Create | Villager (Male) |
| 15:19 | Build | Market |
| 15:38 | Create | Archer |
| 15:38 | Create | Archer |
| 15:44 | Create | Villager (Male) |
| 15:46 | Build | Farm |
| 15:50 | Build | Farm |
| 16:16 | Create | Archer |
| 16:17 | Create | Archer |
| 16:36 | Build | Farm |
| 16:48 | Build | Farm |
| 16:49 | Create | Villager (Male) |
| 17:07 | Create | Archer |
| 17:13 | Create | Archer |
| 17:16 | Create | Villager (Male) |
| 17:19 | Build | House |
| 17:20 | Build | House |
| 17:38 | Create | Villager (Male) |
| 18:02 | Create | Villager (Male) |
| 18:25 | Build | Farm |
| 18:27 | Build | Farm |
| 18:54 | Research | Castle Age |
| 18:55 | Create | Archer |
| 18:55 | Create | Archer |
| 18:56 | Create | Villager (Male) |
| 19:17 | Research | Horse Collar |
| 19:27 | Create | Skirmisher |
| 19:27 | Create | Skirmisher |
| 19:30 | Create | Villager (Male) |
| 19:59 | Create | Skirmisher |
| 20:00 | Create | Skirmisher |
| 20:01 | Research | Padded Archer Armor |
| 20:01 | Research | Padded Archer Armor |
| 20:17 | Create | Skirmisher |
| 20:29 | Create | Skirmisher |
| 20:45 | Create | Skirmisher |
| 20:46 | Create | Skirmisher |
| 21:15 | Create | Villager (Male) |
| 21:20 | Create | Skirmisher |
| 21:20 | Create | Skirmisher |
| 21:34 | Age | Castle Age |
| 21:37 | Research | Crossbowman (upgrade) |
| 21:38 | Research | Bodkin Arrow |
| 21:38 | Research | Elite Skirmisher (upgrade) |
| 21:56 | Research | Bow Saw |
| 21:59 | Build | Farm |
| 22:01 | Create | Villager (Male) |
| 22:04 | Build | House |
| 22:05 | Build | House |
| 22:09 | Create | Skirmisher |
| 22:11 | Build | Farm |
| 22:12 | Build | Farm |
| 22:12 | Build | Farm |
| 22:36 | Create | Skirmisher |
| 22:37 | Create | Villager (Male) |
| 22:47 | Create | Skirmisher |
| 22:54 | Research | Leather Archer Armor |
| 22:54 | Research | Leather Archer Armor |
| 23:14 | Create | Skirmisher |
| 23:15 | Create | Villager (Male) |
| 23:16 | Create | Skirmisher |
| 23:20 | Build | House |
| 23:21 | Build | House |
| 23:25 | Create | Skirmisher |
Build order — Tusky
105 actions detected in the replay
| 0:01 | Create | Villager (Male) |
| 0:01 | Create | Villager (Male) |
| 0:01 | Create | Villager (Male) |
| 0:02 | Build | House |
| 0:04 | Build | House |
| 0:08 | Create | Villager (Male) |
| 1:26 | Create | Villager (Male) |
| 2:02 | Create | Villager (Male) |
| 2:12 | Create | Villager (Male) |
| 2:17 | Build | Lumber Camp |
| 2:31 | Create | Villager (Male) |
| 3:06 | Create | Villager (Male) |
| 3:43 | Create | Villager (Male) |
| 3:46 | Build | House |
| 3:53 | Create | Villager (Male) |
| 3:58 | Create | Villager (Male) |
| 4:05 | Create | Villager (Male) |
| 4:18 | Build | Mill |
| 4:27 | Create | Villager (Male) |
| 4:37 | Create | Villager (Male) |
| 5:56 | Create | Villager (Male) |
| 5:56 | Research | Loom |
| 6:45 | Research | Feudal Age |
| 7:02 | Build | Barracks |
| 8:08 | Build | House |
| 8:55 | Age | Feudal Age |
| 8:57 | Build | Stable |
| 8:58 | Create | Villager (Male) |
| 8:58 | Create | Villager (Male) |
| 9:14 | Research | Double-Bit Axe |
| 9:39 | Create | Scout Cavalry |
| 9:40 | Create | Scout Cavalry |
| 9:43 | Build | House |
| 9:55 | Create | Scout Cavalry |
| 9:58 | Build | House |
| 10:06 | Create | Villager (Male) |
| 10:19 | Create | Scout Cavalry |
| 10:29 | Build | Pasture |
| 10:36 | Build | Pasture |
| 10:38 | Create | Scout Cavalry |
| 10:45 | Create | Villager (Male) |
| 11:07 | Research | Tech 1014 |
| 11:22 | Create | Scout Cavalry |
| 11:48 | Create | Villager (Male) |
| 11:53 | Build | Blacksmith |
| 12:03 | Create | Villager (Male) |
| 12:25 | Create | Villager (Male) |
| 12:49 | Create | Villager (Male) |
| 12:50 | Create | Scout Cavalry |
| 12:53 | Build | Pasture |
| 12:57 | Research | Forging |
| 13:03 | Build | Pasture |
| 13:21 | Create | Villager (Male) |
| 13:25 | Build | Pasture |
| 13:28 | Create | Villager (Male) |
| 13:56 | Create | Scout Cavalry |
| 13:57 | Create | Villager (Male) |
| 14:15 | Build | House |
| 14:27 | Create | Villager (Male) |
| 14:32 | Create | Villager (Male) |
| 14:58 | Create | Villager (Male) |
| 15:01 | Build | Pasture |
| 15:01 | Build | Pasture |
| 15:01 | Build | Pasture |
| 15:01 | Build | Pasture |
| 15:02 | Build | Pasture |
| 15:05 | Create | Scout Cavalry |
| 15:25 | Build | House |
| 15:26 | Create | Scout Cavalry |
| 15:40 | Create | Scout Cavalry |
| 16:08 | Build | Mining Camp |
| 16:29 | Create | Villager (Male) |
| 16:30 | Create | Scout Cavalry |
| 16:31 | Create | Scout Cavalry |
| 16:31 | Create | Villager (Male) |
| 16:52 | Create | Villager (Male) |
| 17:08 | Create | Villager (Male) |
| 17:25 | Research | Scale Barding Armor |
| 17:52 | Create | Villager (Male) |
| 17:56 | Create | Villager (Male) |
| 17:57 | Create | Scout Cavalry |
| 18:00 | Build | Market |
| 18:05 | Create | Scout Cavalry |
| 18:09 | Create | Scout Cavalry |
| 18:18 | Build | Pasture |
| 19:23 | Research | Town Watch |
| 19:32 | Research | Castle Age |
| 20:45 | Create | Scout Cavalry |
| 20:48 | Build | Stable |
| 21:04 | Create | Villager (Male) |
| 21:18 | Create | Villager (Male) |
| 21:19 | Create | Scout Cavalry |
| 21:19 | Create | Scout Cavalry |
| 22:13 | Age | Castle Age |
| 22:27 | Research | Iron Casting |
| 22:29 | Research | Light Cavalry (upgrade) |
| 23:01 | Build | Town Center |
| 23:17 | Create | Villager (Male) |
| 23:20 | Create | Villager (Male) |
| 23:23 | Build | House |
| 23:23 | Build | House |
| 23:23 | Build | House |
| 23:48 | Create | Villager (Male) |
| 23:49 | Research | Wheelbarrow |
| 23:54 | Research | Bow Saw |
Build order — GAX |_TempesT_
139 actions detected in the replay
| 0:01 | Create | Villager (Male) |
| 0:02 | Create | Villager (Male) |
| 0:02 | Create | Villager (Male) |
| 0:02 | Create | Villager (Male) |
| 0:04 | Build | House |
| 0:07 | Build | House |
| 1:33 | Create | Villager (Male) |
| 2:08 | Create | Villager (Male) |
| 2:31 | Create | Villager (Male) |
| 2:31 | Create | Villager (Male) |
| 2:44 | Build | Lumber Camp |
| 3:13 | Create | Villager (Male) |
| 3:23 | Create | Villager (Male) |
| 3:27 | Build | House |
| 3:29 | Build | House |
| 4:03 | Create | Villager (Male) |
| 4:03 | Create | Villager (Male) |
| 4:04 | Create | Villager (Male) |
| 5:13 | Create | Villager (Male) |
| 5:13 | Create | Villager (Male) |
| 5:27 | Build | Lumber Camp |
| 6:11 | Create | Villager (Male) |
| 6:39 | Create | Villager (Male) |
| 6:59 | Create | Villager (Male) |
| 7:13 | Create | Villager (Male) |
| 7:16 | Build | House |
| 7:46 | Build | Mill |
| 7:52 | Create | Villager (Male) |
| 8:09 | Create | Villager (Male) |
| 8:19 | Build | Farm |
| 8:19 | Build | Farm |
| 8:20 | Build | Farm |
| 8:20 | Build | Farm |
| 8:21 | Build | Farm |
| 8:21 | Build | Farm |
| 8:21 | Build | Farm |
| 8:22 | Build | Farm |
| 8:22 | Build | Farm |
| 8:23 | Build | Farm |
| 8:32 | Build | Farm |
| 8:34 | Create | Villager (Male) |
| 8:35 | Create | Villager (Male) |
| 8:54 | Build | Farm |
| 9:03 | Create | Villager (Male) |
| 9:27 | Create | Villager (Male) |
| 9:52 | Create | Villager (Male) |
| 9:55 | Build | Mining Camp |
| 10:49 | Research | Loom |
| 11:20 | Research | Feudal Age |
| 11:37 | Build | Farm |
| 12:08 | Build | House |
| 12:10 | Create | Villager (Male) |
| 12:50 | Create | Villager (Male) |
| 13:30 | Age | Feudal Age |
| 13:31 | Build | Market |
| 13:34 | Build | House |
| 13:38 | Build | Blacksmith |
| 14:24 | Research | Castle Age |
| 14:30 | Build | Market |
| 14:38 | Build | Market |
| 14:44 | Research | Double-Bit Axe |
| 15:14 | Research | Gold Mining |
| 15:16 | Research | Horse Collar |
| 15:51 | Build | House |
| 15:53 | Build | House |
| 15:59 | Build | House |
| 16:02 | Build | House |
| 16:05 | Build | House |
| 16:27 | Build | Lumber Camp |
| 16:43 | Build | Palisade Wall |
| 16:46 | Build | Palisade Wall |
| 16:48 | Build | Palisade Wall |
| 17:04 | Age | Castle Age |
| 17:13 | Create | Villager (Male) |
| 17:20 | Build | House |
| 17:31 | Build | Town Center |
| 17:36 | Create | Villager (Male) |
| 18:04 | Create | Villager (Male) |
| 18:17 | Create | Villager (Male) |
| 18:29 | Create | Villager (Male) |
| 18:30 | Create | Villager (Male) |
| 18:37 | Build | Town Center |
| 18:46 | Create | Villager (Male) |
| 18:52 | Build | Farm |
| 18:54 | Build | Farm |
| 18:56 | Create | Villager (Male) |
| 18:57 | Create | Villager (Male) |
| 19:08 | Build | Barracks |
| 19:10 | Create | Villager (Male) |
| 19:10 | Create | Villager (Male) |
| 19:27 | Create | Villager (Male) |
| 19:34 | Build | Farm |
| 19:36 | Build | Farm |
| 19:55 | Research | Bow Saw |
| 19:56 | Create | Villager (Male) |
| 19:56 | Create | Villager (Male) |
| 19:57 | Create | Villager (Male) |
| 20:12 | Create | Villager (Male) |
| 20:21 | Build | Farm |
| 20:29 | Build | Stable |
| 20:42 | Create | Villager (Male) |
| 20:46 | Build | Farm |
| 20:49 | Create | Villager (Male) |
| 21:04 | Create | Villager (Male) |
| 21:07 | Build | Farm |
| 21:15 | Create | Villager (Male) |
| 21:23 | Build | Farm |
| 21:30 | Create | Villager (Male) |
| 21:36 | Create | Villager (Male) |
| 21:41 | Create | Knight |
| 21:45 | Build | Stable |
| 21:46 | Create | Villager (Male) |
| 21:55 | Build | Farm |
| 21:56 | Create | Villager (Male) |
| 22:01 | Create | Villager (Male) |
| 22:04 | Create | Knight |
| 22:07 | Create | Villager (Male) |
| 22:17 | Create | Villager (Male) |
| 22:18 | Create | Villager (Male) |
| 22:22 | Build | Farm |
| 22:29 | Build | Farm |
| 22:31 | Build | Farm |
| 22:33 | Build | Farm |
| 22:36 | Create | Knight |
| 22:39 | Create | Knight |
| 22:42 | Build | Farm |
| 22:46 | Build | Farm |
| 22:48 | Create | Villager (Male) |
| 22:51 | Create | Villager (Male) |
| 22:56 | Build | Farm |
| 22:57 | Create | Knight |
| 23:00 | Create | Knight |
| 23:09 | Build | Farm |
| 23:13 | Create | Villager (Male) |
| 23:25 | Create | Knight |
| 23:27 | Create | Knight |
| 23:36 | Build | Farm |
| 23:37 | Build | Farm |
| 23:39 | Create | Villager (Male) |
Build order — robo_boro
139 actions detected in the replay
| 0:00 | Create | Villager (Male) |
| 0:01 | Create | Villager (Male) |
| 0:01 | Create | Villager (Male) |
| 0:01 | Create | Villager (Male) |
| 0:01 | Create | Villager (Male) |
| 0:01 | Create | Villager (Male) |
| 0:01 | Create | Villager (Male) |
| 0:01 | Create | Villager (Male) |
| 0:02 | Build | House |
| 0:04 | Build | House |
| 1:24 | Create | Villager (Male) |
| 1:24 | Create | Villager (Male) |
| 1:35 | Build | Lumber Camp |
| 1:57 | Create | Villager (Male) |
| 2:17 | Create | Villager (Male) |
| 2:17 | Create | Villager (Male) |
| 2:17 | Create | Villager (Male) |
| 2:18 | Create | Villager (Male) |
| 2:56 | Create | Villager (Male) |
| 2:56 | Create | Villager (Male) |
| 3:17 | Create | Villager (Male) |
| 3:17 | Create | Villager (Male) |
| 3:20 | Build | Mill |
| 3:38 | Create | Villager (Male) |
| 3:38 | Create | Villager (Male) |
| 4:04 | Build | House |
| 4:13 | Create | Villager (Male) |
| 4:13 | Create | Villager (Male) |
| 4:13 | Create | Villager (Male) |
| 4:13 | Create | Villager (Male) |
| 4:34 | Create | Villager (Male) |
| 4:34 | Create | Villager (Male) |
| 4:51 | Create | Villager (Male) |
| 4:51 | Create | Villager (Male) |
| 5:20 | Create | Villager (Male) |
| 5:20 | Create | Villager (Male) |
| 5:40 | Build | House |
| 5:41 | Build | House |
| 5:46 | Create | Villager (Male) |
| 5:56 | Create | Villager (Male) |
| 5:56 | Create | Villager (Male) |
| 7:10 | Create | Villager (Male) |
| 7:22 | Create | Villager (Male) |
| 7:22 | Create | Villager (Male) |
| 7:33 | Create | Villager (Male) |
| 7:47 | Build | Lumber Camp |
| 8:07 | Create | Villager (Male) |
| 8:13 | Build | Farm |
| 8:34 | Build | Farm |
| 8:37 | Build | Farm |
| 9:01 | Create | Villager (Male) |
| 9:16 | Create | Villager (Male) |
| 9:20 | Build | Mining Camp |
| 9:43 | Create | Villager (Male) |
| 10:14 | Create | Villager (Male) |
| 10:27 | Build | House |
| 10:58 | Research | Feudal Age |
| 11:51 | Create | Villager (Male) |
| 11:52 | Create | Villager (Male) |
| 12:16 | Age | Feudal Age |
| 12:18 | Build | Market |
| 12:20 | Build | Blacksmith |
| 12:34 | Research | Double-Bit Axe |
| 12:34 | Research | Double-Bit Axe |
| 12:35 | Research | Horse Collar |
| 12:35 | Research | Horse Collar |
| 13:06 | Research | Castle Age |
| 13:06 | Research | Castle Age |
| 13:10 | Build | Mining Camp |
| 13:29 | Build | Farm |
| 13:31 | Build | Farm |
| 13:34 | Build | Farm |
| 13:37 | Build | Farm |
| 13:39 | Build | Farm |
| 14:11 | Create | Villager (Male) |
| 14:11 | Create | Villager (Male) |
| 14:15 | Build | House |
| 14:42 | Age | Castle Age |
| 14:50 | Build | Monastery |
| 15:10 | Create | Villager (Male) |
| 15:11 | Create | Villager (Male) |
| 15:13 | Build | Farm |
| 15:16 | Build | Farm |
| 15:19 | Build | Farm |
| 15:36 | Build | House |
| 15:44 | Create | Monk |
| 15:45 | Create | Villager (Male) |
| 16:12 | Build | Farm |
| 16:16 | Build | Farm |
| 16:22 | Create | Monk |
| 16:38 | Create | Monk |
| 16:56 | Create | Villager (Male) |
| 16:57 | Build | Farm |
| 16:58 | Create | Villager (Male) |
| 17:01 | Build | Farm |
| 17:28 | Create | Villager (Male) |
| 17:42 | Build | House |
| 17:55 | Build | Farm |
| 17:57 | Create | Villager (Male) |
| 18:05 | Build | University |
| 18:32 | Create | Villager (Male) |
| 19:05 | Build | Farm |
| 19:21 | Research | Imperial Age |
| 19:21 | Research | Imperial Age |
| 20:11 | Research | Bow Saw |
| 20:11 | Research | Bow Saw |
| 20:12 | Research | Gold Mining |
| 20:12 | Research | Gold Mining |
| 20:12 | Research | Gold Mining |
| 20:18 | Create | Villager (Male) |
| 20:28 | Build | Castle |
| 21:09 | Create | Villager (Male) |
| 21:15 | Age | Imperial Age |
| 21:16 | Research | Chemistry |
| 21:16 | Research | Chemistry |
| 21:16 | Research | Chemistry |
| 21:36 | Create | Trebuchet (Packed) |
| 21:39 | Build | Lumber Camp |
| 21:52 | Create | Villager (Male) |
| 21:53 | Create | Villager (Male) |
| 21:54 | Create | Karambit Warrior |
| 21:58 | Create | Karambit Warrior |
| 22:17 | Build | Gate |
| 22:19 | Build | Stone Wall |
| 22:24 | Build | Gate |
| 22:28 | Build | Stone Wall |
| 22:41 | Create | Monk |
| 22:41 | Create | Villager (Male) |
| 22:41 | Create | Villager (Male) |
| 22:49 | Create | Trebuchet (Packed) |
| 22:58 | Create | Villager (Male) |
| 23:00 | Build | Monastery |
| 23:01 | Create | Villager (Male) |
| 23:26 | Research | Sanctity |
| 23:26 | Research | Sanctity |
| 23:28 | Create | Villager (Male) |
| 23:31 | Build | Town Center |
| 23:41 | Create | Monk |
| 23:46 | Build | Monastery |
Build order — GAX | Gian
150 actions detected in the replay
| 0:01 | Create | Villager (Male) |
| 0:01 | Create | Villager (Male) |
| 0:02 | Build | House |
| 0:03 | Build | House |
| 0:07 | Create | Villager (Male) |
| 0:07 | Create | Villager (Male) |
| 1:35 | Create | Villager (Male) |
| 1:44 | Build | Lumber Camp |
| 1:47 | Create | Villager (Male) |
| 2:17 | Create | Villager (Male) |
| 2:17 | Create | Villager (Male) |
| 2:36 | Create | Villager (Male) |
| 2:36 | Create | Villager (Male) |
| 3:01 | Create | Villager (Male) |
| 3:16 | Create | Villager (Male) |
| 3:16 | Create | Villager (Male) |
| 3:20 | Research | Loom |
| 3:21 | Create | Villager (Male) |
| 3:21 | Create | Villager (Male) |
| 3:22 | Create | Villager (Male) |
| 3:47 | Create | Villager (Male) |
| 3:52 | Build | House |
| 4:00 | Create | Villager (Male) |
| 4:00 | Create | Villager (Male) |
| 4:20 | Create | Villager (Male) |
| 4:20 | Create | Villager (Male) |
| 4:33 | Create | Villager (Male) |
| 4:34 | Create | Villager (Male) |
| 4:44 | Build | Palisade Wall |
| 4:46 | Build | Palisade Wall |
| 4:57 | Create | Villager (Male) |
| 5:17 | Create | Villager (Male) |
| 5:35 | Create | Villager (Male) |
| 6:22 | Build | House |
| 6:40 | Create | Villager (Male) |
| 6:46 | Build | Palisade Wall |
| 6:47 | Build | Palisade Wall |
| 6:48 | Build | Palisade Wall |
| 6:50 | Build | Palisade Wall |
| 6:51 | Build | Palisade Wall |
| 6:59 | Build | House |
| 7:31 | Create | Villager (Male) |
| 7:41 | Build | Palisade Wall |
| 8:06 | Create | Villager (Male) |
| 8:10 | Build | House |
| 8:16 | Build | Mill |
| 8:25 | Build | Palisade Wall |
| 8:26 | Build | Palisade Wall |
| 8:31 | Build | Palisade Wall |
| 8:36 | Create | Villager (Male) |
| 8:39 | Build | House |
| 8:55 | Build | Palisade Wall |
| 9:04 | Research | Feudal Age |
| 9:14 | Build | House |
| 9:40 | Build | Mining Camp |
| 10:19 | Create | Villager (Male) |
| 10:30 | Build | Palisade Wall |
| 10:33 | Build | Palisade Wall |
| 10:37 | Build | Palisade Wall |
| 10:40 | Build | House |
| 11:14 | Age | Feudal Age |
| 11:15 | Build | Watch Tower |
| 11:17 | Build | House |
| 11:29 | Build | Palisade Gate |
| 11:37 | Create | Villager (Male) |
| 11:41 | Create | Villager (Male) |
| 11:51 | Build | Blacksmith |
| 11:53 | Build | Blacksmith |
| 11:55 | Create | Villager (Male) |
| 12:06 | Build | Barracks |
| 12:14 | Create | Villager (Male) |
| 12:40 | Build | Watch Tower |
| 12:45 | Build | Gate |
| 12:48 | Build | Gate |
| 12:52 | Build | Gate |
| 12:56 | Create | Villager (Male) |
| 13:16 | Create | Villager (Male) |
| 13:18 | Create | Villager (Male) |
| 13:25 | Build | Stone Wall |
| 13:30 | Build | House |
| 13:38 | Build | Market |
| 13:54 | Build | Palisade Wall |
| 13:55 | Build | Palisade Wall |
| 13:56 | Build | Palisade Wall |
| 14:03 | Build | Stone Wall |
| 14:16 | Build | House |
| 14:19 | Build | Stone Wall |
| 14:25 | Build | Gate |
| 14:34 | Build | Gate |
| 14:36 | Build | Gate |
| 14:40 | Create | Villager (Male) |
| 14:43 | Build | Gate |
| 14:45 | Build | Stone Wall |
| 14:49 | Create | Villager (Male) |
| 15:48 | Create | Villager (Male) |
| 15:49 | Build | Blacksmith |
| 16:22 | Create | Villager (Male) |
| 16:37 | Research | Castle Age |
| 16:47 | Build | Palisade Gate |
| 17:09 | Build | Lumber Camp |
| 17:14 | Build | House |
| 17:16 | Build | House |
| 17:48 | Build | House |
| 17:51 | Build | House |
| 18:34 | Build | Gate |
| 18:53 | Build | Farm |
| 18:53 | Build | Farm |
| 18:54 | Build | Farm |
| 18:54 | Build | Farm |
| 18:54 | Build | Farm |
| 18:57 | Build | Farm |
| 19:07 | Build | Farm |
| 19:09 | Build | Farm |
| 19:10 | Build | Farm |
| 19:14 | Build | Farm |
| 19:17 | Age | Castle Age |
| 19:27 | Build | Town Center |
| 20:15 | Build | Stone Wall |
| 20:16 | Create | Villager (Male) |
| 20:33 | Build | Gate |
| 20:40 | Create | Villager (Male) |
| 20:40 | Create | Villager (Male) |
| 20:50 | Create | Villager (Male) |
| 20:50 | Create | Villager (Male) |
| 20:53 | Build | Farm |
| 20:54 | Build | Farm |
| 20:55 | Build | Farm |
| 20:55 | Build | Farm |
| 20:55 | Build | Farm |
| 20:55 | Build | Farm |
| 20:55 | Build | Farm |
| 20:56 | Build | Farm |
| 21:17 | Create | Villager (Male) |
| 21:22 | Build | Farm |
| 21:30 | Build | Farm |
| 21:43 | Create | Villager (Male) |
| 21:43 | Create | Villager (Male) |
| 21:48 | Create | Villager (Male) |
| 22:11 | Build | Stone Wall |
| 22:27 | Create | Villager (Male) |
| 22:32 | Create | Villager (Male) |
| 22:39 | Build | Farm |
| 22:41 | Create | Villager (Male) |
| 23:03 | Create | Villager (Male) |
| 23:03 | Create | Villager (Male) |
| 23:08 | Build | Farm |
| 23:16 | Create | Villager (Male) |
| 23:17 | Create | Villager (Male) |
| 23:34 | Create | Villager (Male) |
| 23:34 | Create | Villager (Male) |
Build order — YoungPanda
134 actions detected in the replay
| 0:01 | Create | Villager (Male) |
| 0:01 | Create | Villager (Male) |
| 0:02 | Build | House |
| 0:03 | Build | House |
| 0:09 | Create | Villager (Male) |
| 0:26 | Create | Villager (Male) |
| 1:23 | Create | Villager (Male) |
| 1:24 | Create | Villager (Male) |
| 2:01 | Create | Villager (Male) |
| 2:02 | Create | Villager (Male) |
| 2:46 | Create | Villager (Male) |
| 2:46 | Create | Villager (Male) |
| 3:05 | Build | Lumber Camp |
| 3:12 | Build | House |
| 3:13 | Build | House |
| 3:17 | Create | Villager (Male) |
| 3:26 | Create | Villager (Male) |
| 4:05 | Create | Villager (Male) |
| 4:06 | Create | Villager (Male) |
| 4:10 | Create | Villager (Male) |
| 4:29 | Build | House |
| 4:35 | Create | Villager (Male) |
| 5:05 | Create | Villager (Male) |
| 5:21 | Create | Villager (Male) |
| 5:42 | Build | Mill |
| 5:42 | Create | Villager (Male) |
| 5:47 | Create | Villager (Male) |
| 5:57 | Create | Villager (Male) |
| 6:05 | Create | Villager (Male) |
| 6:34 | Create | Villager (Male) |
| 6:56 | Create | Villager (Male) |
| 7:45 | Create | Villager (Male) |
| 8:09 | Build | Farm |
| 8:14 | Create | Villager (Male) |
| 8:32 | Build | Lumber Camp |
| 8:33 | Create | Villager (Male) |
| 8:52 | Build | Farm |
| 9:16 | Create | Villager (Male) |
| 9:21 | Build | Mining Camp |
| 9:46 | Research | Feudal Age |
| 10:18 | Build | Mining Camp |
| 10:21 | Create | Villager (Male) |
| 10:21 | Create | Villager (Male) |
| 10:43 | Build | House |
| 11:46 | Build | Farm |
| 12:36 | Age | Feudal Age |
| 12:48 | Build | Market |
| 12:50 | Build | Blacksmith |
| 13:16 | Research | Double-Bit Axe |
| 13:36 | Research | Castle Age |
| 13:36 | Research | Castle Age |
| 13:45 | Research | Loom |
| 13:47 | Create | Villager (Male) |
| 14:15 | Research | Fletching |
| 16:16 | Age | Castle Age |
| 16:20 | Build | Monastery |
| 16:22 | Build | Monastery |
| 16:28 | Build | Castle |
| 16:29 | Create | Villager (Male) |
| 16:30 | Research | Bow Saw |
| 16:32 | Research | Gold Mining |
| 16:33 | Create | Villager (Male) |
| 16:43 | Build | House |
| 16:46 | Build | House |
| 16:48 | Build | House |
| 17:05 | Create | Villager (Male) |
| 17:06 | Build | Farm |
| 17:07 | Research | Horse Collar |
| 17:10 | Build | Farm |
| 17:12 | Build | Farm |
| 17:14 | Build | Farm |
| 17:37 | Build | Farm |
| 17:50 | Build | House |
| 17:51 | Build | House |
| 18:02 | Create | Villager (Male) |
| 18:13 | Build | Town Center |
| 18:33 | Create | Villager (Male) |
| 18:39 | Build | Farm |
| 18:43 | Build | Farm |
| 18:47 | Create | Villager (Male) |
| 19:00 | Create | Villager (Male) |
| 19:03 | Build | House |
| 19:04 | Build | House |
| 19:11 | Build | Monastery |
| 19:18 | Create | Ratha (Ranged) |
| 19:18 | Create | Ratha (Ranged) |
| 19:18 | Create | Ratha (Ranged) |
| 19:26 | Build | Mining Camp |
| 19:33 | Build | Farm |
| 19:46 | Create | Ratha (Ranged) |
| 19:47 | Create | Villager (Male) |
| 19:54 | Research | Bodkin Arrow |
| 19:54 | Research | Bodkin Arrow |
| 19:56 | Create | Ratha (Ranged) |
| 20:00 | Create | Ratha (Ranged) |
| 20:09 | Build | House |
| 20:13 | Build | University |
| 20:14 | Create | Villager (Male) |
| 20:21 | Build | Farm |
| 20:36 | Research | Town Watch |
| 20:36 | Research | Town Watch |
| 20:38 | Create | Ratha (Ranged) |
| 20:51 | Create | Villager (Male) |
| 20:55 | Build | Farm |
| 20:58 | Build | Farm |
| 21:04 | Create | Villager (Male) |
| 21:20 | Create | Villager (Male) |
| 21:20 | Create | Villager (Male) |
| 21:25 | Build | Farm |
| 21:31 | Build | Farm |
| 21:39 | Create | Villager (Male) |
| 21:40 | Create | Ratha (Ranged) |
| 21:48 | Build | House |
| 21:50 | Create | Villager (Male) |
| 21:56 | Create | Villager (Male) |
| 21:58 | Build | Farm |
| 22:27 | Create | Villager (Male) |
| 22:30 | Build | House |
| 22:31 | Build | House |
| 22:32 | Build | House |
| 22:33 | Create | Villager (Male) |
| 22:34 | Create | Villager (Male) |
| 22:39 | Create | Ratha (Ranged) |
| 22:52 | Create | Ratha (Ranged) |
| 22:53 | Create | Villager (Male) |
| 22:58 | Create | Villager (Male) |
| 22:58 | Create | Villager (Male) |
| 23:07 | Build | Town Center |
| 23:08 | Create | Villager (Male) |
| 23:26 | Create | Ratha (Ranged) |
| 23:27 | Create | Ratha (Ranged) |
| 23:50 | Create | Villager (Male) |
| 23:53 | Create | Villager (Male) |
| 23:53 | Create | Villager (Male) |
Match timeline
| 4:40 | theMole · first_building Barracks |
| 4:44 | GAX | Gian · wall_segment Palisade Wall x5 |
| 4:46 | GAX | Gian · wall_segment Palisade Wall x16 |
| 6:46 | GAX | Gian · wall_segment Palisade Wall x1 |
| 6:47 | GAX | Gian · wall_segment Palisade Wall x1 |
| 6:48 | GAX | Gian · wall_segment Palisade Wall x1 |
| 6:50 | GAX | Gian · wall_segment Palisade Wall x1 |
| 6:51 | GAX | Gian · wall_segment Palisade Wall x1 |
| 7:02 | Tusky · first_building Barracks |
| 7:41 | GAX | Gian · wall_segment Palisade Wall x11 |
| 8:25 | GAX | Gian · wall_segment Palisade Wall x2 |
| 8:26 | GAX | Gian · wall_segment Palisade Wall x6 |
| 8:31 | GAX | Gian · wall_segment Palisade Wall x5 |
| 8:51 | theMole · age_up feudal |
| 8:53 | theMole · first_building Archery Range |
| 8:55 | GAX | Gian · wall_segment Palisade Wall x15 |
| 8:55 | Tusky · age_up feudal |
| 8:57 | theMole · wall_segment Palisade Wall x1 |
| 8:57 | Tusky · first_building Stable |
| 8:58 | theMole · wall_segment Palisade Wall x1 |
| 8:59 | theMole · wall_segment Palisade Wall x1 |
| 9:26 | GAX | Kareca · wall_segment Palisade Wall x1 |
| 10:30 | GAX | Gian · wall_segment Palisade Wall x2 |
| 10:33 | GAX | Gian · wall_segment Palisade Wall x12 |
| 10:37 | GAX | Gian · wall_segment Palisade Wall x10 |
| 10:43 | GAX | Mr.P · age_up feudal |
| 10:44 | theMole · wall_segment Palisade Wall x1 |
| 10:45 | theMole · wall_segment Palisade Wall x1 |
| 10:46 | theMole · wall_segment Palisade Wall x1 |
| 11:14 | GAX | Gian · age_up feudal |
| 11:21 | GAX | Kareca · age_up feudal |
| 12:06 | GAX | Gian · first_building Barracks |
| 12:16 | robo_boro · age_up feudal |
| 12:36 | YoungPanda · age_up feudal |
| 13:25 | GAX | Kareca · wall_segment Palisade Wall x1 |
| 13:25 | GAX | Gian · wall_segment Stone Wall x23 |
| 13:30 | GAX |_TempesT_ · age_up feudal |
| 13:54 | GAX | Gian · wall_segment Palisade Wall x1 |
| 13:55 | GAX | Gian · wall_segment Palisade Wall x1 |
| 13:55 | GAX | Mr.P · first_building Barracks |
| 13:56 | GAX | Gian · wall_segment Palisade Wall x1 |
| 13:59 | GAX | Kareca · wall_segment Palisade Wall x5 |
| 14:03 | GAX | Gian · wall_segment Stone Wall x26 |
| 14:05 | GAX | Kareca · wall_segment Palisade Wall x7 |
| 14:19 | GAX | Gian · wall_segment Stone Wall x1 |
| 14:19 | GAX |_TempesT_ · first_market_buy 100 food |
| 14:22 | GAX |_TempesT_ · first_market_sell 100 wood |
| 14:36 | GAX | Mr.P · first_building Stable |
| 14:42 | robo_boro · age_up castle |
| 14:45 | GAX | Gian · wall_segment Stone Wall x1 |
| 14:46 | GAX | Mr.P · age_up castle |
| 14:50 | robo_boro · first_building Monastery |
| 15:08 | GAX | Gian · first_market_sell 100 stone |
| 15:20 | GAX | Mr.P · first_building Monastery |
| 15:24 | GAX | Kareca · age_up castle |
| 15:27 | GAX | Kareca · first_building Castle |
| 16:16 | YoungPanda · age_up castle |
| 16:20 | YoungPanda · first_building Monastery |
| 16:28 | YoungPanda · first_building Castle |
| 16:32 | GAX | Mr.P · first_building Siege Workshop |
| 16:43 | GAX |_TempesT_ · wall_segment Palisade Wall x1 |
| 16:46 | GAX |_TempesT_ · wall_segment Palisade Wall x1 |
| 16:48 | GAX |_TempesT_ · wall_segment Palisade Wall x1 |
| 17:04 | GAX |_TempesT_ · age_up castle |
| 17:48 | GAX | Mr.P · first_market_buy 100 food |
| 18:16 | theMole · first_market_buy 100 food |
| 18:16 | theMole · first_market_sell 100 wood |
| 19:08 | GAX |_TempesT_ · first_building Barracks |
| 19:17 | GAX | Gian · age_up castle |
| 19:25 | Tusky · first_market_sell 100 wood |
| 19:26 | Tusky · first_market_buy 100 food |
| 19:51 | YoungPanda · first_market_buy 100 wood |
| 20:15 | GAX | Gian · wall_segment Stone Wall x27 |
| 20:28 | robo_boro · first_building Castle |
| 20:29 | GAX |_TempesT_ · first_building Stable |
| 21:15 | robo_boro · age_up imperial |
| 21:34 | theMole · age_up castle |
| 22:11 | GAX | Gian · wall_segment Stone Wall x1 |
| 22:13 | Tusky · age_up castle |
| 22:19 | robo_boro · wall_segment Stone Wall x3 |
| 22:28 | robo_boro · wall_segment Stone Wall x16 |
| 23:48 | GAX | Mr.P · resign |
[ AI ANALYSIS · 1 CREDIT ]
What really happened in this match?
Wolo.gg analyzes every decision: build order, eco, micro, common mistakes by bracket. Personalized analysis on WhatsApp or Discord in 30 seconds.
Civ guide
Koreans
Perfil
Jugador #16351986